Workbook

Sheet ORÇAMENTO ALTERADO (2)
B1: Ministério da Educação
B5: ORÇAMENTO ATUALIZADO PARA A CONCLUSÃO DA OBRA
B6: RECURSOS FNDE
B7: Obra: Proinfância - Tipo 2
B8: Mutuário: PREFEITURA MUNICIPAL DE ERVAL SECO
B9: Agente Promotor: PREFEITURA MUNICIPAL DE ERVAL SECO
B10: Contratada:
B11: Localização: AVENIDA EMÍLIO FALCÃO ESQ. RUA "A" - ERVAL SECO - RS
B12: VI: R$ 1.152.497,80
B13: CONTRATO Nº
B14: Preço base: Sinapi 04/2019 desonerado | F14: BDI : | I14: 0.277
B15: ITEM | C15: CÓDIGO | D15: FONTE | E15: DESCRIÇÃO DOS SERVIÇOS | F15: UNID. | G15: QUANT. | H15: PR. UNIT.(R$) SEM BDI | I15: PR. UNIT.(R$) COM BDI | J15: VALOR (R$)
B18: 1 | E18: SERVIÇOS PRELIMINARES | J18: =J21 -> 7462.0218
B19: 1.1 | C19: 74209/1 | D19: SINAPI | E19: Placa da obra - padrão Governo Federal | F19: m² | G19: 10 | H19: 280.68 | I19: =H19*(1+$I$14) -> 358.42836 | J19: =G19*I19 -> 3584.2836 | Z19: 311.87 | AB19: =Z19*0.9 -> 280.683 | AD19: 280.68
B20: 1.2 | C20: 74220/1 | D20: SINAPI | E20: Tapume de chapa de madeira compensada, 6mm (35x2,00m, frente do terreno) | F20: m² | G20: 70 | H20: 43.38 | I20: =H20*(1+$I$14) -> 55.39626 | J20: =G20*I20 -> 3877.7382 | Z20: 48.2 | AB20: =Z20*0.9 -> 43.38 | AD20: 43.38
H21: Subtotal | J21: =SUM(J19:J20) -> 7462.0218 | Z21: Subtotal | AB21: Subtotal | AD21: Subtotal
B23: 2 | E23: MOVIMENTO DE TERRAS PARA FUNDAÇÕES | J23: =J32 -> 1257.8396
B24: 2.1 | E24: MURETA
B25: 2.1.1 | C25: 93358 | D25: SINAPI | E25: Escavação manual de valas em qualquer terreno exceto rocha até h=1,50 m | F25: m³ | G25: 7.72 | H25: 55.89 | I25: =H25*(1+$I$14) -> 71.37153 | J25: =G25*I25 -> 550.98821 | Z25: 62.1 | AB25: =Z25*0.9 -> 55.89 | AD25: 55.89
B26: 2.1.2 | C26: 94097 | D26: SINAPI | E26: Regularização e compactação do fundo de valas | F26: m² | G26: 13.86 | H26: 4.05 | I26: =H26*(1+$I$14) -> 5.17185 | J26: =G26*I26 -> 71.681841 | Z26: 4.5 | AB26: =Z26*0.9 -> 4.05 | AD26: 4.05
B27: 2.1.3 | C27: 96995 | D27: SINAPI | E27: Reaterro apiloado de vala com material da obra | F27: m³ | G27: 4.6 | H27: 21.53 | I27: =H27*(1+$I$14) -> 27.49381 | J27: =G27*I27 -> 126.47153 | Z27: 23.92 | AB27: =Z27*0.9 -> 21.528 | AD27: 21.53
B28: 2.2 | E28: CASTELO D'ÁGUA
B29: 2.2.1 | C29: 93358 | D29: SINAPI | E29: Escavação manual de valas em qualquer terreno exceto rocha até h=1,50 m | F29: m³ | G29: 5.78 | H29: 55.89 | I29: =H29*(1+$I$14) -> 71.37153 | J29: =G29*I29 -> 412.52744 | Z29: 62.1 | AB29: =Z29*0.9 -> 55.89 | AD29: 55.89
B30: 2.2.2 | C30: 94097 | D30: SINAPI | E30: Regularização e compactação do fundo de valas | F30: m² | G30: 12.96 | H30: 4.05 | I30: =H30*(1+$I$14) -> 5.17185 | J30: =G30*I30 -> 67.027176 | Z30: 4.5 | AB30: =Z30*0.9 -> 4.05 | AD30: 4.05
B31: 2.2.3 | C31: 96995 | D31: SINAPI | E31: Reaterro apiloado de vala com material da obra | F31: m³ | G31: 1.06 | H31: 21.53 | I31: =H31*(1+$I$14) -> 27.49381 | J31: =G31*I31 -> 29.143439 | Z31: 23.92 | AB31: =Z31*0.9 -> 21.528 | AD31: 21.53
H32: Subtotal | J32: =J25+J26+J27+J29+J30+J31 -> 1257.8396 | Z32: Subtotal | AB32: Subtotal | AD32: Subtotal
B34: 3 | E34: FUNDAÇÕES | J34: =J54 -> 16006.634
B35: 3.1 | E35: FUNDAÇÃO DO CASTELO D'ÁGUA | G35: 0
B36: 3.1.1 | C36: 90881 | D36: SINAPI | E36: Estaca a trado (broca) d=25 cm com concreto fck=15 Mpa (sem armação) - 7 m | F36: m | G36: 56 | H36: 45.65 | I36: =H36*(1+$I$14) -> 58.29505 | J36: =G36*I36 -> 3264.5228 | Z36: 50.72 | AB36: =Z36*0.9 -> 45.648 | AD36: 45.65
B37: 3.1.2 | C37: 95601 | D37: SINAPI | E37: Corte e reparo em cabeça de estaca | F37: un | G37: 12 | H37: 16.87 | I37: =H37*(1+$I$14) -> 21.54299 | J37: =G37*I37 -> 258.51588 | Z37: 18.74 | AB37: =Z37*0.9 -> 16.866 | AD37: 16.87
B38: 3.1.3 | C38: 95240 | D38: SINAPI | E38: Lastro de concreto magro, e=3,0 cm-reparo mecânico | F38: m² | G38: 12.96 | H38: 11.3 | I38: =H38*(1+$I$14) -> 14.4301 | J38: =G38*I38 -> 187.0141 | Z38: 12.55 | AB38: =Z38*0.9 -> 11.295 | AD38: 11.3
B39: 3.1.4 | C39: 6 | D39: COMP | E39: Forma de madeira comum para Fundções - reaproveitamento 10X | F39: m² | G39: 7.2 | H39: 25.06 | I39: =H39*(1+$I$14) -> 32.00162 | J39: =G39*I39 -> 230.41166 | Z39: 27.84 | AB39: =Z39*0.9 -> 25.056 | AD39: 25.06
B40: 3.1.5 | C40: 73990/1 | D40: SINAPI | E40: Armação aço CA-50, para 1,0 m³ de concreto | F40: un | G40: 6.48 | H40: 467.97 | I40: =H40*(1+$I$14) -> 597.59769 | J40: =G40*I40 -> 3872.433 | Z40: 519.97 | AB40: =Z40*0.9 -> 467.973 | AD40: 467.97
B41: 3.1.6 | C41: 92720 | D41: SINAPI | E41: Concreto fck=25MPa, incluindo preparo, lançamento e adensamento. | F41: m³ | G41: 4.71 | H41: 362.58 | I41: =H41*(1+$I$14) -> 463.01466 | J41: =G41*I41 -> 2180.799 | Z41: 402.87 | AB41: =Z41*0.9 -> 362.583 | AD41: 362.58
B42: 3.2 | E42: MURETA - BLOCOS | G42: 0
B43: 3.2.1 | C43: 90881 | D43: SINAPI | E43: Estaca a trado (broca) d=25 cm com concreto fck=15 Mpa (sem armação) - 7 m | F43: m | G43: 38 | H43: 45.65 | I43: =H43*(1+$I$14) -> 58.29505 | J43: =G43*I43 -> 2215.2119 | Z43: 50.72 | AB43: =Z43*0.9 -> 45.648 | AD43: 45.65
B44: 3.2.2 | C44: 95240 | D44: SINAPI | E44: Lastro de concreto magro, e=3,0 cm-preparo mecânico | F44: m² | G44: 5.37 | H44: 11.3 | I44: =H44*(1+$I$14) -> 14.4301 | J44: =G44*I44 -> 77.489637 | Z44: 12.55 | AB44: =Z44*0.9 -> 11.295 | AD44: 11.3
B45: 3.2.3 | C45: 6 | D45: COMP | E45: Forma de madeira comum para Fundações - reaproveitamento 10X | F45: m² | G45: 14.51 | H45: 25.06 | I45: =H45*(1+$I$14) -> 32.00162 | J45: =G45*I45 -> 464.34351 | Z45: 27.84 | AB45: =Z45*0.9 -> 25.056 | AD45: 25.06
B46: 3.2.4 | C46: 7 | D46: COMP | E46: Armação aço CA-50, Diam. 6,3 (1/4) á 12,5mm(1/2) -Fornecimento/corte perda de 10%) / dobra / colocação. | F46: kg | G46: 25.27 | H46: 7.79 | I46: =H46*(1+$I$14) -> 9.94783 | J46: =G46*I46 -> 251.38166 | Z46: 8.66 | AB46: =Z46*0.9 -> 7.794 | AD46: 7.79
B47: 3.2.5 | C47: 8 | D47: COMP | E47: Armação de aço CA-60 Diam. 3,4 a 6,0mm-Fornecimento/corte perda de 10%) / dobra / colocação. | F47: kg | G47: 26.27 | H47: 6.98 | I47: =H47*(1+$I$14) -> 8.91346 | J47: =G47*I47 -> 234.15659 | Z47: 7.76 | AB47: =Z47*0.9 -> 6.984 | AD47: 6.98
B48: 3.2.6 | C48: 92720 | D48: SINAPI | E48: Concreto para Fundação fck=25MPa, incluindo preparo, lançamento, adensamento. | F48: m³ | G48: 1.41 | H48: 362.58 | I48: =H48*(1+$I$14) -> 463.01466 | J48: =G48*I48 -> 652.85067 | Z48: 402.87 | AB48: =Z48*0.9 -> 362.583 | AD48: 362.58
B49: 3.3 | E49: MURETA - VIGAS BALDRAME | G49: 0
B50: 3.3.1 | C50: 6 | D50: COMP | E50: Forma de madeira comum para Fundações - reaproveitamento 10X | F50: m² | G50: 24.05 | H50: 25.06 | I50: =H50*(1+$I$14) -> 32.00162 | J50: =G50*I50 -> 769.63896 | Z50: 27.84 | AB50: =Z50*0.9 -> 25.056 | AD50: 25.06
B51: 3.3.2 | C51: 7 | D51: COMP | E51: Armação aço CA-50, Diam. 6,3 (1/4) á 12,5mm(1/2) -Fornecimento/corte perda de 10%) / dobra / colocação. | F51: kg | G51: 53.32 | H51: 7.79 | I51: =H51*(1+$I$14) -> 9.94783 | J51: =G51*I51 -> 530.4183 | Z51: 8.66 | AB51: =Z51*0.9 -> 7.794 | AD51: 7.79
B52: 3.3.3 | C52: 8 | D52: COMP | E52: Armação de aço CA-60 Diam. 3,4 a 6,0mm-Fornecimento/corte perda de 10%) / dobra / colocação. | F52: kg | G52: 24.18 | H52: 6.98 | I52: =H52*(1+$I$14) -> 8.91346 | J52: =G52*I52 -> 215.52746 | Z52: 7.76 | AB52: =Z52*0.9 -> 6.984 | AD52: 6.98
B53: 3.3.4 | C53: 92720 | D53: SINAPI | E53: Concreto para Fundação fck=25MPa, incluindo preparo, lançamento, adensamento. | F53: m³ | G53: 1.3 | H53: 362.58 | I53: =H53*(1+$I$14) -> 463.01466 | J53: =G53*I53 -> 601.91906 | Z53: 402.87 | AB53: =Z53*0.9 -> 362.583 | AD53: 362.58
H54: Subtotal | J54: =SUM(J35:J53) -> 16006.634 | Z54: Subtotal | AB54: Subtotal | AD54: Subtotal
B56: 4 | E56: SUPERESTRUTURA | J56: =J67 -> 4886.7426
B57: 4.1 | E57: CONCRETO ARMADO - PILARES
B58: 4.1.1 | C58: 92431 | D58: SINAPI | E58: Forma em chapa de madeira compensada plastificada- Pilares | F58: m² | G58: 18.23 | H58: 35.24 | I58: =H58*(1+$I$14) -> 45.00148 | J58: =G58*I58 -> 820.37698 | Z58: 39.16 | AB58: =Z58*0.9 -> 35.244 | AD58: 35.24
B59: 4.1.2 | C59: 7 | D59: COMP | E59: Armação aço CA-50, Diam. 6,3 (1/4) á 12,5mm(1/2) -Fornecimento/corte perda de 10%) / dobra / colocação. | F59: kg | G59: 70.18 | H59: 7.79 | I59: =H59*(1+$I$14) -> 9.94783 | J59: =G59*I59 -> 698.13871 | Z59: 8.66 | AB59: =Z59*0.9 -> 7.794 | AD59: 7.79
B60: 4.1.3 | C60: 8 | D60: COMP | E60: Armação de aço CA-60 Diam. 3,4 a 6,0mm-Fornecimento/corte perda de 10%) / dobra / colocação. | F60: kg | G60: 23.73 | H60: 6.98 | I60: =H60*(1+$I$14) -> 8.91346 | J60: =G60*I60 -> 211.51641 | Z60: 7.76 | AB60: =Z60*0.9 -> 6.984 | AD60: 6.98
B61: 4.1.4 | C61: 92720 | D61: SINAPI | E61: Concreto Bombeado fck=25MPa, incluindo preparo, lançamento e adensamento. | F61: m³ | G61: 1.43 | H61: 362.58 | I61: =H61*(1+$I$14) -> 463.01466 | J61: =G61*I61 -> 662.11096 | Z61: 402.87 | AB61: =Z61*0.9 -> 362.583 | AD61: 362.58
B62: 4.2 | E62: CONCRETO ARMADO - MURETA - PILARES | G62: 0
B63: 4.2.1 | C63: 92431 | D63: SINAPI | E63: Forma madeira comp. plastificada 12mm p/ Estrutura corte/ Montagem/ Escoramento/ Desforma | F63: m² | G63: 23.53 | H63: 35.24 | I63: =H63*(1+$I$14) -> 45.00148 | J63: =G63*I63 -> 1058.8848 | Z63: 39.16 | AB63: =Z63*0.9 -> 35.244 | AD63: 35.24
B64: 4.2.2 | C64: 7 | D64: COMP | E64: Armação aço CA-50, Diam. 6,3 (1/4) á 12,5mm(1/2) -Fornecimento/corte perda de 10%) / dobra / colocação. | F64: kg | G64: 68.18 | H64: 7.79 | I64: =H64*(1+$I$14) -> 9.94783 | J64: =G64*I64 -> 678.24305 | Z64: 8.66 | AB64: =Z64*0.9 -> 7.794 | AD64: 7.79
B65: 4.2.3 | C65: 8 | D65: COMP | E65: Armação de aço CA-60 Diam. 3,4 a 6,0mm-Fornecimento/corte perda de 10%) / dobra / colocação. | F65: kg | G65: 28.36 | H65: 6.98 | I65: =H65*(1+$I$14) -> 8.91346 | J65: =G65*I65 -> 252.78573 | Z65: 7.76 | AB65: =Z65*0.9 -> 6.984 | AD65: 6.98
B66: 4.2.4 | C66: 92720 | D66: SINAPI | E66: Concreto Bombeado fck=25MPa, incluindo preparo, lançamento e adensamento. | F66: m³ | G66: 1.09 | H66: 362.58 | I66: =H66*(1+$I$14) -> 463.01466 | J66: =G66*I66 -> 504.68598 | Z66: 402.87 | AB66: =Z66*0.9 -> 362.583 | AD66: 362.58
H67: Subtotal | J67: =SUM(J58:J66) -> 4886.7426 | Z67: Subtotal | AB67: Subtotal | AD67: Subtotal
B69: 5 | E69: SISTEMA DE VEDAÇÃO VERTICAL INTERNO E EXTERNO (PAREDES) | J69: =J79 -> 24647.25
B70: 5.1 | E70: ELEMENTOS VAZADOS
B71: 5.1.1 | C71: 73937/1 | D71: SINAPI | E71: Cobogó de concreto (elemento vazado) - (6x40x40cm) assentado com argamassa traço 1:4 (cimento, areia) | F71: m² | G71: 5.14 | H71: 103.1 | I71: =H71*(1+$I$14) -> 131.6587 | J71: =G71*I71 -> 676.72572 | Z71: 114.56 | AB71: =Z71*0.9 -> 103.104 | AD71: 103.1
B72: 5.2 | E72: ALVENARIA DE VEDAÇÃO | G72: 0
B73: 5.2.1 | C73: 87489 | D73: SINAPI | E73: Alvenaria de vedação de 1/2 vez em tijolos cerâmicos (dimensões nominais: 39x19x09); assentamento em argamassa no traço 1:2:8 (cimento, cal e areia) para parede interna | F73: m² | G73: 122.63 | H73: 33.58 | I73: =H73*(1+$I$14) -> 42.88166 | J73: =G73*I73 -> 5258.578 | Z73: 37.31 | AB73: =Z73*0.9 -> 33.579 | AD73: 33.58
B74: 5.2.2 | C74: 87491 | D74: SINAPI | E74: Alvenaria de vedação horizontal em tijolos cerâmicos Dimensões nominais: 14x19x39; assentamento em argamassa no traço 1:2:8 (cimento, cal e areia) para parede externa | F74: m² | G74: 116.71 | H74: 46.14 | I74: =H74*(1+$I$14) -> 58.92078 | J74: =G74*I74 -> 6876.6442 | Z74: 51.27 | AB74: =Z74*0.9 -> 46.143 | AD74: 46.14
B75: 5.2.3 | C75: 73988/1 | D75: SINAPI | E75: Encunhamento (aperto de alvenaria) em tijolo cerâmicos maciços 5x10x20cm 1 vez (esp. 20cm), assentamento c/ argamassa traço1:6 (cimento e areia) | F75: m | I75: =H75*(1+$I$14) -> 0 | J75: =G75*I75 -> 0 | AB75: =Z75*0.9 -> 0 | AD75: 0
B76: 5.2.4 | C76: 79627 | D76: SINAPI | E76: Divisória de banheiros e sanitários em granito com espessura de 2cm polido assentado com argamassa traço 1:4 | F76: m² | G76: 11.32 | H76: 629.3 | I76: =H76*(1+$I$14) -> 803.6161 | J76: =G76*I76 -> 9096.9343 | Z76: 699.22 | AB76: =Z76*0.9 -> 629.298 | AD76: 629.3
B77: 5.3 | E77: ALVENARIA DA MURETA | G77: 0
B78: 5.3.1 | C78: 87499 | D78: SINAPI | E78: Alvenaria de vedação de blocos cerâmicos furados na horizontal de 9x14x19cm (espessura 9cm) de paredes com área líquida menor que 6m² sem vãos e argamassa de assentamento com preparo em betoneira. | F78: m² | G78: 33.93 | H78: 63.2 | I78: =H78*(1+$I$14) -> 80.7064 | J78: =G78*I78 -> 2738.3682 | Z78: 70.22 | AB78: =Z78*0.9 -> 63.198 | AD78: 63.2
H79: Subtotal | J79: =SUM(J71:J78) -> 24647.25 | Z79: Subtotal | AB79: Subtotal | AD79: Subtotal
B81: 6 | E81: ESQUADRIAS | J81: =J123 -> 171449.78
B82: 6.1 | E82: PORTAS DE MADEIRA
B83: 6.1.1 | C83: 90842 | D83: SINAPI | E83: Porta de Madeira - PM1 - 70x210, folha lisa com chapa metalica, incluso ferragens, conforme projeto de esquadrias | F83: un | G83: 6 | H83: 701.19 | I83: =H83*(1+$I$14) -> 895.41963 | J83: =G83*I83 -> 5372.5178 | Z83: 779.1 | AB83: =Z83*0.9 -> 701.19 | AD83: 701.19
B84: 6.1.2 | C84: 91298 | D84: SINAPI | E84: Porta de Madeira - PM2 - 80x210, com veneziana, incluso ferragens, conforme projeto de esquadrias | F84: un | G84: 3 | H84: 637.73 | I84: =H84*(1+$I$14) -> 814.38121 | J84: =G84*I84 -> 2443.1436 | Z84: 708.59 | AB84: =Z84*0.9 -> 637.731 | AD84: 637.73
B85: 6.1.3 | C85: 90843 | D85: SINAPI | E85: Porta de Madeira - PM3 - 80x210, barra e chapa metálica, incluso ferragens, conforme projeto de esquadrias | F85: un | G85: 3 | H85: 722.52 | I85: =H85*(1+$I$14) -> 922.65804 | J85: =G85*I85 -> 2767.9741 | Z85: 802.8 | AB85: =Z85*0.9 -> 722.52 | AD85: 722.52
B86: 6.1.4 | C86: 90843 | D86: SINAPI | E86: Porta de Madeira - PM4 - 80x210, folha lisa com chapa metalica, incluso ferragens, conforme projeto de esquadrias | F86: un | G86: 6 | H86: 722.52 | I86: =H86*(1+$I$14) -> 922.65804 | J86: =G86*I86 -> 5535.9482 | Z86: 802.8 | AB86: =Z86*0.9 -> 722.52 | AD86: 722.52
B87: 6.1.5 | C87: 90843 | D87: SINAPI | E87: Porta de Madeira - PM5 - 80x210, com barra e chapa metálica e visor, incluso ferragens, conforme projeto de esquadrias | F87: un | G87: 5 | H87: 722.52 | I87: =H87*(1+$I$14) -> 922.65804 | J87: =G87*I87 -> 4613.2902 | Z87: 802.8 | AB87: =Z87*0.9 -> 722.52 | AD87: 722.52
B88: 6.1.6 | C88: 90847 | D88: SINAPI | E88: Porta de compesando de madeira - PM6 - 60x100, folha lisa revestida com laminado melamínico, incluso ferragens, conforme projeto de esquadrias | F88: un | G88: 8 | H88: 352.06 | I88: =H88*(1+$I$14) -> 449.58062 | J88: =G88*I88 -> 3596.645 | Z88: 391.18 | AB88: =Z88*0.9 -> 352.062 | AD88: 352.06
B89: 6.2 | E89: FERRAGENS E ACESSÓRIOS | G89: 0
B90: 6.2.1 | C90: 74046/2 | D90: SINAPI | E90: Fechadura de embutir completa, tipo tarjeta livre-ocupado | F90: un | G90: 4 | H90: 28.99 | I90: =H90*(1+$I$14) -> 37.02023 | J90: =G90*I90 -> 148.08092 | Z90: 32.21 | AB90: =Z90*0.9 -> 28.989 | AD90: 28.99
B91: 6.2.2 | C91: 36204 | D91: SINAPI | E91: Peça de apoio para deficiente em aço inox, 60 cm reta NBR 9050, JACKWAL, nas portas PM3 e PM5 | F91: un | G91: 8 | H91: 160.67 | I91: =H91*(1+$I$14) -> 205.17559 | J91: =G91*I91 -> 1641.4047 | Z91: 178.52 | AB91: =Z91*0.9 -> 160.668 | AD91: 160.67
B92: 6.2.3 | C92: 39630 | D92: SINAPI | E92: Chapa metalica (alumínio) 0,8*0,5x 1mm para as portas - fornecimento e instalação | F92: m² | G92: 12.8 | H92: 51.97 | I92: =H92*(1+$I$14) -> 66.36569 | J92: =G92*I92 -> 849.48083 | Z92: 57.74 | AB92: =Z92*0.9 -> 51.966 | AD92: 51.97
B93: 6.3 | E93: PORTAS EM ALUMÍNIO | G93: 0
B94: 6.3.1 | C94: 12 | D94: COMP | E94: Porta de abrir - PA1 - 100x210 em chapa de alumínio e veneziana- conforme projeto de esquadrias, inclusive ferragens | F94: m² | G94: 2.1 | H94: 370.09 | I94: =H94*(1+$I$14) -> 472.60493 | J94: =G94*I94 -> 992.47035 | Z94: 411.21 | AB94: =Z94*0.9 -> 370.089 | AD94: 370.09
B95: 6.3.2 | C95: 12 | D95: COMP | E95: Porta de abrir - PA2 - 80x210 em chapa de alumínio com veneziana- conforme projeto de esquadrias, inclusive ferragens | F95: m² | G95: 1.68 | H95: 370.09 | I95: =H95*(1+$I$14) -> 472.60493 | J95: =G95*I95 -> 793.97628 | Z95: 411.21 | AB95: =Z95*0.9 -> 370.089 | AD95: 370.09
B96: 6.3.3 | C96: 12 | D96: COMP | E96: Porta de abrir - PA3 - 160x210 em chapa de alumínio com veneziana- conforme projeto de esquadrias, inclusive ferragens | F96: m² | G96: 3.36 | H96: 370.09 | I96: =H96*(1+$I$14) -> 472.60493 | J96: =G96*I96 -> 1587.9526 | Z96: 411.21 | AB96: =Z96*0.9 -> 370.089 | AD96: 370.09
B97: 6.3.4 | C97: 68050 | D97: SINAPI | E97: Porta de correr de vidro - PA4 - 450x210 conforme projeto de esquadrias, inclusive ferragens | F97: m² | G97: 66.15 | H97: 325.02 | I97: =H97*(1+$I$14) -> 415.05054 | J97: =G97*I97 -> 27455.593 | Z97: 361.13 | AB97: =Z97*0.9 -> 325.017 | AD97: 325.02
B98: 6.3.5 | C98: 91341 | D98: SINAPI | E98: Porta de abrir - PA5 - 120x185 - conforme projeto de esquadrias, inclusive ferragens | F98: m² | G98: 2.22 | H98: 423.98 | I98: =H98*(1+$I$14) -> 541.42246 | J98: =G98*I98 -> 1201.9579 | Z98: 471.09 | AB98: =Z98*0.9 -> 423.981 | AD98: 423.98
B99: 6.4 | E99: PORTAS DE VIDRO - PV | G99: 0
B100: 6.4.1 | C100: 15 | D100: COMP | E100: Porta de Vidro temperado - PV1 - 175x230, com ferragens, inclusive vidro, conforme projeto de esquadrias | F100: un | G100: 1 | H100: 2200.01 | I100: =H100*(1+$I$14) -> 2809.4128 | J100: =G100*I100 -> 2809.4128 | Z100: 2444.46 | AB100: =Z100*0.9 -> 2200.014 | AD100: 2200.01
B101: 6.5 | E101: JANELAS DE ALUMÍNIO - JA | G101: 0
B102: 6.5.1 | C102: 16 | D102: COMP | E102: Janela de Alumínio - JA-01, 70x125, completa conforme projeto de esquadrias - Guilhotina | F102: m² | G102: 0.88 | H102: 530.77 | I102: =H102*(1+$I$14) -> 677.79329 | J102: =G102*I102 -> 596.4581 | Z102: 589.75 | AB102: =Z102*0.9 -> 530.775 | AD102: 530.77
B103: 6.5.2 | C103: 16 | D103: COMP | E103: Janela de Alumínio - JA-02, 110x195, completa conforme projeto de esquadrias - Guilhotina | F103: m² | G103: 2.15 | H103: 530.77 | I103: =H103*(1+$I$14) -> 677.79329 | J103: =G103*I103 -> 1457.2556 | Z103: 589.75 | AB103: =Z103*0.9 -> 530.775 | AD103: 530.77
B104: 6.5.3 | C104: 85010 | D104: SINAPI | E104: Vidro fixo - JA-03, 140x115, completa conforme projeto de esquadrias | F104: m² | G104: 1.61 | H104: 429.8 | I104: =H104*(1+$I$14) -> 548.8546 | J104: =G104*I104 -> 883.65591 | Z104: 477.56 | AB104: =Z104*0.9 -> 429.804 | AD104: 429.8
B105: 6.5.4 | C105: 16 | D105: COMP | E105: Janela de Alumínio - JA-04, 140x195, completa conforme projeto de esquadrias - Guilhotina | F105: m² | G105: 2.73 | H105: 530.77 | I105: =H105*(1+$I$14) -> 677.79329 | J105: =G105*I105 -> 1850.3757 | Z105: 589.75 | AB105: =Z105*0.9 -> 530.775 | AD105: 530.77
B106: 6.5.5 | C106: 94569 | D106: SINAPI | E106: Janela de Alumínio - JA-06, 210x50, completa conforme projeto de esquadrias - Maxim-ar - incluso vidro liso incolor, espessura 6mm | F106: m² | G106: 1.05 | H106: 584.32 | I106: =H106*(1+$I$14) -> 746.17664 | J106: =G106*I106 -> 783.48547 | Z106: 649.25 | AB106: =Z106*0.9 -> 584.325 | AD106: 584.32
B107: 6.5.6 | C107: 94569 | D107: SINAPI | E107: Janela de Alumínio - JA-07, 210x75, completa conforme projeto de esquadrias - Maxim-ar - incluso vidro liso incolor, espessura 6mm | F107: m² | G107: 12.6 | H107: 584.32 | I107: =H107*(1+$I$14) -> 746.17664 | J107: =G107*I107 -> 9401.8257 | Z107: 649.25 | AB107: =Z107*0.9 -> 584.325 | AD107: 584.32
B108: 6.5.7 | C108: 94569 | D108: SINAPI | E108: Janela de Alumínio - JA-08, 210x100, completa conforme projeto de esquadrias - Maxim-ar - incluso vidro liso incolor, espessura 6mm | F108: m² | G108: 8.4 | H108: 584.32 | I108: =H108*(1+$I$14) -> 746.17664 | J108: =G108*I108 -> 6267.8838 | Z108: 649.25 | AB108: =Z108*0.9 -> 584.325 | AD108: 584.32
B109: 6.5.8 | C109: 94569 | D109: SINAPI | E109: Janela de Alumínio - JA-09, 210x150, completa conforme projeto de esquadrias - Maxim-ar - incluso vidro liso incolor, espessura 6mm | F109: m² | G109: 6.3 | H109: 584.32 | I109: =H109*(1+$I$14) -> 746.17664 | J109: =G109*I109 -> 4700.9128 | Z109: 649.25 | AB109: =Z109*0.9 -> 584.325 | AD109: 584.32
B110: 6.5.9 | C110: 94569 | D110: SINAPI | E110: Janela de Alumínio - JA-10, 70*75, completa conforme projeto de esquadrias - Maxim-ar - incluso vidro liso incolor, espessura 6mm | F110: m² | G110: 1.05 | H110: 584.32 | I110: =H110*(1+$I$14) -> 746.17664 | J110: =G110*I110 -> 783.48547 | Z110: 649.25 | AB110: =Z110*0.9 -> 584.325 | AD110: 584.32
...

Sheet Cronograma padrão tipo 2
A1: Ministério da Educação
A4: Obra: Projeto Padrão FNDE - Tipo 2
A5: Município: | B5: Erval seco / RS
A6: Endereço: | B6: Avenida Emílio Falcão
A8: Planejamento CRONOGRAMA
A10: ITEM | B10: DESCRIÇÃO DOS SERVIÇOS | C10: VALOR (R$) | D10: % ITEM | E10: 1 | F10: 2 | G10: 3 | H10: 4 | I10: 5 | J10: 6 | K10: 7 | L10: 8
A12: 1 | B12: SERVIÇOS PRELIMINARES | C12: ='ORÇAMENTO ALTERADO (2)'!J18 -> 7462.0218 | D12: =(C12/$C$61) -> 0.0064746517 | E12: 1
E13: =E12*C12 -> 7462.0218
A14: 2 | B14: MOVIMENTO DE TERRAS PARA FUNDAÇÕES | C14: ='ORÇAMENTO ALTERADO (2)'!J23 -> 1257.8396 | D14: =(C14/$C$61) -> 0.0010914031 | E14: 0.8 | F14: 0.2
E15: =E14*C14 -> 1006.2717 | F15: =F14*C14 -> 251.56793
A16: 3 | B16: FUNDAÇÕES | C16: ='ORÇAMENTO ALTERADO (2)'!J34 -> 16006.634 | D16: =(C16/$C$61) -> 0.013888646 | E16: 0.15 | F16: 0.85
E17: =E16*C16 -> 2400.9951 | F17: =F16*C16 -> 13605.639
A18: 4 | B18: SUPERESTRUTURA | C18: ='ORÇAMENTO ALTERADO (2)'!J56 -> 4886.7426 | D18: =(C18/$C$61) -> 0.0042401319 | E18: 0.4 | F18: 0.6
E19: =E18*$C$18 -> 1954.6971 | F19: =F18*$C$18 -> 2932.0456
A20: 5 | B20: SISTEMA DE VEDAÇÃO VERTICAL INTERNO E EXTERNO (PAREDES) | C20: ='ORÇAMENTO ALTERADO (2)'!J69 -> 24647.25 | D20: =(C20/$C$61) -> 0.021385941 | E20: 0.25 | F20: 0.25 | G20: 0.25 | H20: 0.25
E21: =E20*$C$20 -> 6161.8126 | F21: =F20*$C$20 -> 6161.8126 | G21: =G20*$C$20 -> 6161.8126 | H21: =H20*$C20 -> 6161.8126
A22: 6 | B22: ESQUADRIAS | C22: ='ORÇAMENTO ALTERADO (2)'!J81 -> 171449.78 | D22: =(C22/$C$61) -> 0.14876365 | H22: 0.2 | I22: 0.5 | J22: 0.3
H23: =H22*$C22 -> 34289.956 | I23: =I22*$C22 -> 85724.89 | J23: =J22*$C22 -> 51434.934
A24: 7 | B24: SISTEMAS DE COBERTURA | C24: ='ORÇAMENTO ALTERADO (2)'!J125 -> 210094.73 | D24: =(C24/$C$61) -> 0.18229512 | F24: 0.15 | G24: 0.65 | H24: 0.2
F25: =F24*C24 -> 31514.209 | G25: =G24*C24 -> 136561.57 | H25: =H24*C24 -> 42018.945
A26: 8 | B26: IMPERMEABILIZAÇÃO | C26: =#REF! -> #REF! | D26: =(C26/$C$61) -> #REF! | G26: 1
D27: =(C27/$C$61) -> 0 | G27: =G26*C26 -> #REF!
A28: 8 | B28: REVESTIMENTOS INTERNOS E EXTERNOS | C28: ='ORÇAMENTO ALTERADO (2)'!J134 -> 190491.47 | D28: =(C28/$C$61) -> 0.16528575 | E28: 0.1 | F28: 0.2 | G28: 0.2 | H28: 0.25 | I28: 0.25
E29: =E28*$C$28 -> 19049.147 | F29: =F28*$C$28 -> 38098.293 | G29: =G28*$C$28 -> 38098.293 | H29: =H28*$C$28 -> 47622.867 | I29: =I28*C28 -> 47622.867 | J29: =J28*C28 -> 0
A30: 9 | B30: SISTEMAS DE PISOS INTERNOS E EXTERNOS (PAVIMENTAÇÃO) | C30: ='ORÇAMENTO ALTERADO (2)'!J149 -> 115392.71 | D30: =(C30/$C$61) -> 0.10012402 | H30: 0.2 | I30: 0.15 | J30: 0.5 | K30: 0.15
G31: =G30*C30 -> 0 | H31: =H30*C30 -> 23078.542 | I31: =I30*C30 -> 17308.906 | J31: =J30*C30 -> 57696.355 | K31: =K30*C30 -> 17308.906 | L31: =L30*C30 -> 0
A32: 10 | B32: PINTURA | C32: ='ORÇAMENTO ALTERADO (2)'!J174 -> 80861.457 | D32: =(C32/$C$61) -> 0.070161919 | J32: 0.5 | K32: 0.4 | L32: 0.1
J33: =J32*C32 -> 40430.729 | K33: =K32*C32 -> 32344.583 | L33: =L32*C32 -> 8086.1457
A34: 11 | B34: INSTALAÇÃO HIDRÁULICA | C34: ='ORÇAMENTO ALTERADO (2)'!J183 -> 26261.793 | D34: =(C34/$C$61) -> 0.022786848 | F34: 0.05 | G34: 0.05 | H34: 0.2 | I34: 0.3 | J34: 0.3 | K34: 0.1
F35: =F34*C34 -> 1313.0896 | G35: =G34*C34 -> 1313.0896 | H35: =H34*C34 -> 5252.3585 | I35: =I34*C34 -> 7878.5378 | J35: =J34*C34 -> 7878.5378 | K35: =K34*C34 -> 2626.1793
A36: 12 | B36: DRENAGEM DE ÁGUAS PLUVIAIS | C36: ='ORÇAMENTO ALTERADO (2)'!J243 -> 7834.4394 | D36: =(C36/$C$61) -> 0.0067977912 | I36: 0.2 | J36: 0.4 | K36: 0.4
I37: =I36*C36 -> 1566.8879 | J37: =J36*C36 -> 3133.7758 | K37: =K36*C36 -> 3133.7758
A38: 13 | B38: INSTALAÇÃO SANITÁRIA | C38: ='ORÇAMENTO ALTERADO (2)'!J254 -> 22021.891 | D38: =(C38/$C$61) -> 0.019107968 | G38: 0.1 | H38: 0.1 | I38: 0.25 | J38: 0.35 | K38: 0.2
G39: =G38*C38 -> 2202.1891 | H39: =H38*C38 -> 2202.1891 | I39: =I38*C38 -> 5505.4727 | J39: =J38*C38 -> 7707.6617 | K39: =K38*C38 -> 4404.3781
A40: 14 | B40: LOUÇAS E METAIS | C40: ='ORÇAMENTO ALTERADO (2)'!J267 -> 40589.285 | D40: =(C40/$C$61) -> 0.035218536 | J40: 0.2 | K40: 0.8
J41: =J40*C40 -> 8117.8571 | K41: =K40*C40 -> 32471.428
A42: 15 | B42: INSTALAÇÃO DE GÁS COMBUSTÍVEL | C42: ='ORÇAMENTO ALTERADO (2)'!J301 -> 3076.7103 | D42: =(C42/$C$61) -> 0.0026696019 | H42: 0.3 | I42: 0.3 | K42: 0.4
H43: =H42*C42 -> 923.0131 | I43: =I42*C42 -> 923.0131 | K43: =K42*C42 -> 1230.6841
A44: 16 | B44: SISTEMA DE PROTEÇÃO CONTRA INCÊNDIO | C44: ='ORÇAMENTO ALTERADO (2)'!J325 -> 19865.588 | D44: =(C44/$C$61) -> 0.017236985 | H44: 0.1 | I44: 0.1 | J44: 0.5 | K44: 0.3
H45: =H44*C44 -> 1986.5588 | I45: =I44*C44 -> 1986.5588 | J45: =J44*C44 -> 9932.7938 | K45: =K44*C44 -> 5959.6763
A46: 17 | B46: INSTALAÇÕES ELÉTRICAS - 220V | C46: ='ORÇAMENTO ALTERADO (2)'!J357 -> 104534.53 | D46: =(C46/$C$61) -> 0.090702587 | G46: 0.1 | H46: 0.1 | I46: 0.1 | J46: 0.35 | K46: 0.3 | L46: 0.05
F47: =F46*C46 -> 0 | G47: =G46*C46 -> 10453.453 | H47: =H46*C46 -> 10453.453 | I47: =I46*C46 -> 10453.453 | J47: =J46*C46 -> 36587.086 | K47: =K46*C46 -> 31360.36 | L47: =L46*C46 -> 5226.7266
A48: 18 | B48: INSTALAÇÕES DE CLIMATIZAÇÃO | C48: ='ORÇAMENTO ALTERADO (2)'!J414 -> 1006.1355 | D48: =(C48/$C$61) -> 0.0008730043 | H48: 0.3 | I48: 0.2 | L48: 0.5
H49: =H48*C48 -> 301.84066 | I49: =I48*C48 -> 201.22711 | L49: =L48*C48 -> 503.06777
A50: 19 | B50: INSTALAÇÕES DE REDE ESTRUTURADA | C50: ='ORÇAMENTO ALTERADO (2)'!J421 -> 26956.341 | D50: =(C50/$C$61) -> 0.023389495 | K50: 0.7 | L50: 0.3
K51: =K50*C50 -> 18869.439 | L51: =L50*C50 -> 8086.9023
A52: 20 | B52: SISTEMA DE EXAUSTÃO MECÂNICA | C52: ='ORÇAMENTO ALTERADO (2)'!J453 -> 2883.4277 | D52: =(C52/$C$61) -> 0.0025018943 | K52: 0.3 | L52: 0.7
K53: =K52*C52 -> 865.02831 | L53: =L52*C52 -> 2018.3994
A54: 21 | B54: SISTEMA DE PROTEÇÃO CONTRA DESC. ATMOSFÉRICAS (SPDA) | C54: ='ORÇAMENTO ALTERADO (2)'!J460 -> 13989.063 | D54: =(C54/$C$61) -> 0.012138038 | F54: 0.05 | G54: 0.15 | K54: 0.6 | L54: 0.2
F55: =F54*C54 -> 699.45313 | G55: =G54*C54 -> 2098.3594 | K55: =K54*C54 -> 8393.4375 | L55: =L54*C54 -> 2797.8125
A56: 22 | B56: SERVIÇOS COMPLEMENTARES | C56: ='ORÇAMENTO ALTERADO (2)'!J473 -> 58482.422 | D56: =(C56/$C$61) -> 0.050744064 | E56: 0.15 | F56: 0.25 | K56: 0.45 | L56: 0.15
E57: =E56*C56 -> 8772.3634 | F57: =F56*C56 -> 14620.606 | K57: =K56*C56 -> 26317.09 | L57: =L56*C56 -> 8772.3634
A58: 23 | B58: SERVIÇOS FINAIS | C58: ='ORÇAMENTO ALTERADO (2)'!J497 -> 2445.5438 | D58: =(C58/$C$61) -> 0.0021219509 | K58: 0.3 | L58: 0.7
K59: =K58*C58 -> 733.66313 | L59: =L58*C58 -> 1711.8806
A61: Valores totais | C61: =C12+C14+C16+C18+C20+C22+C24+C28+C30+C32+C34+C36+C38+C40+C42+C44+C46+C48+C50+C52+C54+C56+C58 -> 1152497.8 | D61: =D12+D14+D16+D18+D20+D22+D24+D28+D30+D32+D34+D36+D38+D40+D42+D44+D46+D48+D50+D52+D54+D56+D58 -> 1 | E61: =E13+E15+E17+E19+E21+E23+E25+E27+E29+E31+E33+E35+E37+E39+E41+E43+E45+E47+E49+E51+E53+E55+E57+E59 -> 46807.308 | F61: =F13+F15+F17+F19+F21+F23+F25+F27+F29+F31+F33+F35+F37+F39+F41+F43+F45+F47+F49+F51+F53+F55+F57+F59 -> 109196.72 | G61: =G21+G25+G29+G35+G39+G47+G55 -> 196888.77 | H61: =H13+H15+H17+H19+H21+H23+H25+H27+H29+H31+H33+H35+H37+H39+H41+H43+H45+H47+H49+H51+H53+H55+H57+H59 -> 174291.54 | I61: =I13+I15+I17+I19+I21+I23+I25+I27+I29+I31+I33+I35+I37+I39+I41+I43+I45+I47+I49+I51+I53+I55+I57+I59 -> 179171.81 | J61: =J13+J15+J17+J19+J21+J23+J25+J27+J29+J31+J33+J35+J37+J39+J41+J43+J45+J47+J49+J51+J53+J55+J57+J59 -> 222919.73 | K61: =K13+K15+K17+K19+K21+K23+K25+K27+K29+K31+K33+K35+K37+K39+K41+K43+K45+K47+K49+K51+K53+K55+K57+K59 -> 186018.63 | L61: =L13+L15+L17+L19+L21+L23+L25+L27+L29+L31+L33+L35+L37+L39+L41+L43+L45+L47+L49+L51+L53+L55+L57+L59 -> 37203.298
A62: PORCENTAGEM | E62: =E61/$C$61 -> 0.040613794 | F62: =F61/$C$61 -> 0.094747874 | G62: =G61/$C$61 -> 0.17083657 | H62: =H61/$C$61 -> 0.15122939 | I62: =I61/$C$61 -> 0.15546391 | J62: =J61/$C$61 -> 0.19342313 | K62: =K61/$C$61 -> 0.16140476 | L62: =L61/$C$61 -> 0.032280581
A63: PORCENTAGEM ACUMULADA | E63: =E62 -> 0.040613794 | F63: =E63+F62 -> 0.13536167 | G63: =F63+G62 -> 0.30619824 | H63: =G63+H62 -> 0.45742762 | I63: =H63+I62 -> 0.61289153 | J63: =I63+J62 -> 0.80631466 | K63: =J63+K62 -> 0.96771942 | L63: =K63+L62 -> 1
A64: TOTAIS DE VALORES ACUMULADOS | E64: =E61 -> 46807.308 | F64: =E64+F61 -> 156004.02 | G64: =F64+G61 -> 352892.79 | H64: =G64+H61 -> 527184.33 | I64: =H64+I61 -> 706356.14 | J64: =I64+J61 -> 929275.87 | K64: =J64+K61 -> 1115294.5 | L64: =K64+L61 -> 1152497.8
A65: ERVAL SECO , 10/07/2019.
